 Dungeon Crawl Stone Soup version 0.27-a0-364-g31b3477d74 (webtiles) character file.

Game seed: 1005835930131143734

53 dracos369 the Digger (level 3, -1/26 HPs)
             Began as a Demigod Earth Elementalist on Feb 16, 2021.
             Slain by a worm (3 damage)
             ... on level 2 of the Dungeon.
             The game lasted 00:02:50 (1200 turns).

dracos369 the Digger (Demigod Earth Elementalist)   Turns: 1200, Time: 00:02:50

Health: -1/26      AC:  2    Str:  9    XL:     3   Next: 42%
Magic:  2/8        EV: 12    Int: 21    God:
Gold:   33         SH:  0    Dex: 14    Spells: 5/6 levels left

rFire    . . .     SeeInvis +   f - +0 club
rCold    . . .     Faith    .   (no shield)
rNeg     . . .     Spirit   .   g - +0 robe
rPois    .         Reflect  .   (no helmet)
rElec    .         Harm     .   (no cloak)
rCorr    .         Rampage  .   (no gloves)
Will     .....                  (no boots)
Stlth    ++........             (no amulet)
HPRegen  1.08/turn              (no ring)
MPRegen  0.11/turn              (no ring)

@: mighty, attractive
A: see invisible, high mp 1, regeneration 1
a: no special abilities


You were on level 2 of the Dungeon.
You visited 1 branch of the dungeon, and saw 2 of its levels.

You collected 33 gold pieces.

Inventory:

Hand Weapons
 f - a +0 club (weapon)
Missiles
 b - 10 stones
Armour
 g - a +0 robe (worn)
Jewellery
 h - a ring of positive energy
Scrolls
 d - 2 scrolls of fog {unknown}
 i - a scroll of amnesia {unknown}
 k - a scroll of immolation {unknown}
Potions
 c - a potion of mutation
 e - a potion of attraction
 j - a potion of curing


   Skills:
 - Level 1.7 Dodging
 - Level 1.7 Stealth
 - Level 2.0 Spellcasting
 - Level 0.8 Transmutations
 + Level 4.1 Earth Magic


You had 5 spell levels left.
You knew the following spells:

 Your Spells              Type           Power        Failure   Level
a - Sandblast             Erth           38%          2%          1

Your spell library contained the following spells:

 Spells                   Type           Power        Failure   Level
 Passwall                 Tmut/Erth      10%          8%          2
 Stone Arrow              Conj/Erth      20%          19%         3
 Petrify                  Tmut/Erth      12%          45%         4
 Lee's Rapid Deconstruct  Erth           9%           58%         5


Dungeon Overview and Level Annotations

Branches:
Dungeon (2/15)

Annotations:
D:2 Robin


Innate Abilities, Weirdness & Mutations

You have an increased reservoir of magic. (+10% MP)
You have supernaturally acute eyesight. (SInv)
Your natural rate of healing is unusually fast.


Message History

The goblin no longer looks unusually strong.
The goblin closely misses you.
The hobgoblin hits you but does no damage.
The worm bites you!
Robin roars a battlecry!
The goblins go into a battle-frenzy!
The hobgoblin hits you. The goblin misses you.
Unknown command.
You sock the worm!
The worm is severely wounded.
The hobgoblin barely misses you. The goblin closely misses you.
The worm bites you.
* * * LOW HITPOINT WARNING * * *
Unknown command.
You hit the worm.
The worm is almost dead.
Robin closely misses you. The hobgoblin barely misses you.
The goblin hits you but does no damage. The worm closely misses you.
You barely miss the worm.
The worm is almost dead.
The goblin no longer looks unusually strong.
The hobgoblin hits you.
* * * LOW HITPOINT WARNING * * *
The goblin misses you. The hobgoblin misses you.
Unknown command.
You barely miss the worm.
The worm is almost dead.
The goblin no longer looks unusually strong.
The goblin hits you with a +0 club.
* * * LOW HITPOINT WARNING * * *
Robin roars a battlecry!
The goblins go into a battle-frenzy!
The worm bites you.
* * * LOW HITPOINT WARNING * * *
The hobgoblin misses you. The rat is pulled toward you!
You barely miss the worm.
The worm is almost dead.
The goblin hits you but does no damage. The hobgoblin misses you.
The worm bites you.
You die...

#.. ##.. #... ....##..
.........+...
.........##g.
........#..g ...
########...##.#.)# ...
#@gg..........#..# ....
#wgg.............. .....
#.g.r.............
.....##.............##..
....................##..
....................##..
.......^............##..
....................##..
..################### g.


You could see a worm, Robin, a hobgoblin (strong), 3 goblins and a rat.

Vanquished Creatures
  Jessica (D:2)
  A leopard gecko (D:1)
  8 goblins
  6 hobgoblins
  3 bats (D:1)
  3 frilled lizards (D:1)
  A kobold (D:1)
  4 rats (D:1)
27 creatures vanquished.

Notes
Turn   | Place    | Note
-------+----------+-------------------------------------------
     0 | D:1      | dracos369 the Demigod Earth Elementalist began the quest
                  | for the Orb.
     0 | D:1      | Reached XP level 1. HP: 14/14 MP: 5/5
   310 | D:1      | Reached skill level 3 in Earth Magic
   518 | D:1      | Reached XP level 2. HP: 20/20 MP: 5/7
  1152 | D:2      | Noticed Jessica
  1158 | D:2      | Noticed Robin
  1164 | D:2      | Killed Jessica
  1165 | D:2      | Reached skill level 4 in Earth Magic
  1165 | D:2      | Reached XP level 3. HP: 26/26 MP: 1/8
  1190 | D:2      | Gained mutation: Your natural rate of healing is unusually
                  | fast. [potion of mutation]
  1190 | D:2      | Gained mutation: You have supernaturally acute eyesight.
                  | (SInv) [potion of mutation]
  1199 | D:2      | HP: 1/26 [worm (5)]
  1200 | D:2      | Slain by a worm

Illustrated notes

Levels and vault maps discovered:
D:1:      dpeg_arrival_shelter, layout_basic, minmay_tromino_v4_b
D:2:      layout_basic, uniq_robin, uniq_jessica

Skill      XL: |  1  2 |
---------------+-------+-----
Spellcasting   | 2 |  2.0
Earth Magic    | 3 4 |  4.1
Dodging        | |  1.7
Stealth        | |  1.7
Transmutations | |  0.8

Action                   || total
-------------------------++-------
Melee: Club              ||     9
 Cast: Sandblast         ||    37
  Use: Potion            ||     3
Armor: Robe              ||     1
Dodge: Dodged            ||    23

Table legend: (Time is in decaauts)
 A = Elapsed time spent in this place.
 B = Non-inter-level travel time spent in this place.
 C = Inter-level travel time spent in this place.
 D = Time resting spent in this place.
 E = Time spent auto-exploring this place.
 F = Levels seen in this place.
 G = Mean time per level.
                   A        B        C        D        E       F      G
               +--------+--------+--------+--------+--------+-----+--------+
         Total |   1201 |   1174 |     27 |     44 |    970 |   2 |  600.5 |
       Dungeon |   1201 |   1174 |     27 |     44 |    970 |   2 |  600.5 |
               +--------+--------+--------+--------+--------+-----+--------+

Top non-repeatable levels by time:
     D:1: 1151 daAuts
     D:2: 50 daAuts
